AoeStats
← Pleymo0901

Arabia

509433215Analyzed
1v1 RM · 6d ago on Sep 26, 2026· 47m 2s· 2 players
Game mode
Random Map
Map size
Tiny (2 player)
Population
200
Speed
Normal
Resources
Standard
Victory
Conquest
Starting age
Dark Age
Ending age
Imperial Age
RankedLock teamsTeams togetherTeam positionsShared explorationLock speedFull tech treeHidden civsTurbo modeCheats
Victory
Defeat
🇫🇷 Franks · France
944
+17
🇹🇷 Sicilians · Türkiye
971
-17
Pleymo0901
4:01 Loom
9:53 Feudal Age
10:32 Double-Bit Axe
11:25 Wheelbarrow
22:31 Castle Age
21:49 Stone Mining
25:29 Bow Saw
28:00 Padded Archer Armor
27:51 Fletching
29:19 Husbandry
32:20 Elite Skirmisher
39:23 Imperial Age
38:55 Ballistics
41:17 Chemistry
40:34 Leather Archer Armor
40:15 Bodkin Arrow
41:12 Cavalier
43:53 Scale Barding Armor
43:33 Paladin
Jason
9:59 Feudal Age
8:15 Loom
10:29 Horse Collar
10:55 Man-at-Arms
30:43 Castle Age
33:55 Murder Holes
33:40 Pikeman
45:28 Imperial Age
43:37 Wheelbarrow
44:39 Fletching
45:00 Forging
44:52 Padded Archer Armor
Connection lost

Rejoining the realm…

Still unreachable

The connection could not be restored.

Session expired

The server has moved on; the page needs a fresh start.